| TOP OF THE 1ST |
|
Billings Mustangs batting - Pitching for Danville Braves : RHP Justin Collins
|
|
Pitching: RHP Justin Collins
|
|
|
Batting: RHB Jake Savell
|
0-0: Ball 1-0: Ball 2-0: Foul Ball, location: 2F 2-1: Called Strike 2-2: Ball 3-2: Strikes out looking
|
|
Batting: LHB Matt Kennedy
|
0-0: Foul Ball, location: 2F 0-1: Ground out 4-3 (Groundball, 4M, EV 91.2 MPH)
|
|
Batting: LHB Brian Dickeson
|
0-0: Foul Ball, location: 2F 0-1: Ball 1-1: Fly out, F6 (Popup, 4MD, EV 69.4 MPH)
|
| Top of the 1st over - 0 runs, 0 hits, 0 errors, 0 left on base; Billings 0 - Danville 0 |
| BOTTOM OF THE 1ST |
|
Danville Braves batting - Pitching for Billings Mustangs : RHP Markus Bevan
|
|
Pitching: RHP Markus Bevan
|
|
|
Batting: RHB Josh Hopp
|
0-0: Ball 1-0: Ball 2-0: Swinging Strike 2-1: Foul Ball, location: 2F 2-2: DOUBLE (Line Drive, 7LM, EV 111.2 MPH)
|
|
Batting: RHB Rafael Reyes
|
0-0: Foul Ball, location: 2F 0-1: DOUBLE (Line Drive, 9D, EV 91.2 MPH) Josh Hopp scores
|
|
Batting: LHB Tamaichi Sasada
|
0-0: Hit by Pitch
|
|
Batting: RHB Tim Molchan
|
0-0: Called Strike 0-1: Ball 1-1: Foul Ball, location: 2F 1-2: Ball 2-2: Foul Ball, location: 2F 2-2: Strikes out swinging
|
|
Batting: RHB Dave Pizarro
|
0-0: Foul Ball, location: 2F 0-1: Ball 1-1: Ball 2-1: Called Strike 2-2: Strikes out swinging
|
|
Batting: RHB Chris Trites
|
0-0: Ball 1-0: Fly out, F8 (Flyball, 8RM, EV 86.9 MPH)
|
| Bottom of the 1st over - 1 run, 2 hits, 0 errors, 2 left on base; Billings 0 - Danville 1 |
| TOP OF THE 2ND |
|
Billings Mustangs batting - Pitching for Danville Braves : RHP Justin Collins
|
|
Batting: SHB David Garnica
|
0-0: Called Strike 0-1: Ball 1-1: Ball 2-1: Foul Ball, location: 2F 2-2: Ball 3-2: Strikes out swinging
|
|
Batting: LHB Jeremy Robertson
|
0-0: Ball 1-0: Ball 2-0: DOUBLE (Groundball, 3L, EV 101.2 MPH)
|
|
Batting: RHB Andy Bachman
|
0-0: Swinging Strike 0-1: Fly out, F7 (Flyball, 78D, EV 95.0 MPH)
|
|
Batting: RHB Sang-ton Pak
|
0-0: Ground out U3 (Groundball, 3, EV 85.6 MPH)
|
| Top of the 2nd over - 0 runs, 1 hit, 0 errors, 1 left on base; Billings 0 - Danville 1 |
| BOTTOM OF THE 2ND |
|
Danville Braves batting - Pitching for Billings Mustangs : RHP Markus Bevan
|
|
Batting: RHB Curtis Montgomery
|
0-0: Swinging Strike 0-1: Swinging Strike 0-2: Ground out 1-3 (Groundball, 34S, EV 66.9 MPH)
|
|
Batting: RHB Vicente Guillen
|
0-0: Ball 1-0: Foul Ball, location: 2F 1-1: Called Strike 1-2: Ball 2-2: Ground out 6-3 (Groundball, 6M, EV 102.5 MPH)
|
|
Batting: RHB Gebre-Giorgios Wangondu
|
0-0: Called Strike 0-1: Ball 1-1: Swinging Strike 1-2: Foul Ball, location: 2F 1-2: Ball 2-2: Strikes out swinging
|
| Bottom of the 2nd over - 0 runs, 0 hits, 0 errors, 0 left on base; Billings 0 - Danville 1 |
| TOP OF THE 3RD |
|
Billings Mustangs batting - Pitching for Danville Braves : RHP Justin Collins
|
|
Batting: RHB Yutaka Sato
|
0-0: Swinging Strike 0-1: DOUBLE (Line Drive, 78M, EV 92.5 MPH)
|
|
Batting: SHB Gustavo Froio
|
0-0: Ball 1-0: Foul Ball, location: 2F 1-1: Ball 2-1: Foul Ball, location: 2F 2-2: Foul Ball, location: 2F 2-2: Ball 3-2: Strikes out swinging, 2-3 out at first.
|
|
Batting: RHB Jake Savell
|
0-0: Fly out, F7 (Flyball, 7, EV 93.8 MPH)
|
|
Batting: LHB Matt Kennedy
|
0-0: Foul Ball, location: 2F 0-1: Reached on error, E1 (Groundball, 15S, EV 65.0 MPH) Yutaka Sato to third
|
|
Batting: LHB Brian Dickeson
|
0-0: Ball 1-0: Called Strike 1-1: Ball 2-1: Foul Ball, location: 2F 2-2: Ball 3-2: Foul Ball, location: 2F 3-2: Foul Ball, location: 2F 3-2: Strikes out swinging
|
| Top of the 3rd over - 0 runs, 1 hit, 1 error, 2 left on base; Billings 0 - Danville 1 |
| BOTTOM OF THE 3RD |
|
Danville Braves batting - Pitching for Billings Mustangs : RHP Markus Bevan
|
|
Batting: RHB Josh Hopp
|
0-0: Swinging Strike 0-1: Swinging Strike 0-2: Ball 1-2: SINGLE (Line Drive, 78M, EV 90.6 MPH)
|
|
Batting: RHB Rafael Reyes
|
0-0: Ball Josh Hopp steals 2nd base 1-0: Called Strike 1-1: Ball 2-1: Fly out, F8 (Flyball, 8LM, EV 85.0 MPH)
|
|
Batting: LHB Tamaichi Sasada
|
0-0: SINGLE (Groundball, 4MD, EV 103.8 MPH) Josh Hopp to third Runner from 3rd tries for Home, SAFE, throw by CF to home
|
|
Batting: RHB Tim Molchan
|
0-0: Ball 1-0: Called Strike 1-1: SINGLE (Line Drive, 89S, EV 86.2 MPH) Tamaichi Sasada to second
|
|
Batting: RHB Dave Pizarro
|
0-0: Reached via error on a dropped throw from 3B, E4 (Groundball, 56, EV 84.4 MPH) Tamaichi Sasada to third Tim Molchan to second
|
|
Batting: RHB Chris Trites
|
0-0: Called Strike 0-1: Foul Ball, location: 2F 0-2: Foul Ball, location: 2F 0-2: Strikes out swinging
|
|
Batting: RHB Curtis Montgomery
|
0-0: Ground out 6-3 (Groundball, P, EV 81.2 MPH)
|
| Bottom of the 3rd over - 1 run, 3 hits, 1 error, 3 left on base; Billings 0 - Danville 2 |
| TOP OF THE 4TH |
|
Billings Mustangs batting - Pitching for Danville Braves : RHP Justin Collins
|
|
Batting: SHB David Garnica
|
0-0: Called Strike 0-1: Ground out 1-3 (Groundball, 13S, EV 69.4 MPH)
|
|
Batting: LHB Jeremy Robertson
|
0-0: Ball 1-0: Ground out 5-3 (Groundball, 6, EV 88.8 MPH)
|
|
Batting: RHB Andy Bachman
|
0-0: Called Strike 0-1: Called Strike 0-2: Ball 1-2: Foul Ball, location: 2F 1-2: Foul Ball, location: 2F 1-2: Strikes out swinging
|
| Top of the 4th over - 0 runs, 0 hits, 0 errors, 0 left on base; Billings 0 - Danville 2 |
| BOTTOM OF THE 4TH |
|
Danville Braves batting - Pitching for Billings Mustangs : RHP Markus Bevan
|
|
DELAY
|
Rain delay of 30 minutes in the 4th inning.
|
|
Pitching: RHP Joe Green
|
|
|
Batting: RHB Vicente Guillen
|
0-0: Ball 1-0: Foul Ball, location: 2F 1-1: Foul Ball, location: 2F 1-2: SOLO HOME RUN (Flyball, 7LD, EV 94.4 MPH), Distance : 354 ft
|
|
Batting: RHB Gebre-Giorgios Wangondu
|
0-0: Ball 1-0: Ball 2-0: Foul Ball, location: 2F 2-1: Called Strike 2-2: Ground out 3-1 (Groundball, 34, EV 84.4 MPH)
|
|
Batting: RHB Josh Hopp
|
0-0: Ball 1-0: Ground out 6-3 (Groundball, 56, EV 103.8 MPH)
|
|
Batting: RHB Rafael Reyes
|
0-0: Called Strike 0-1: Ground out U3 (Groundball, 3, EV 84.4 MPH)
|
| Bottom of the 4th over - 1 run, 1 hit, 0 errors, 0 left on base; Billings 0 - Danville 3 |
| TOP OF THE 5TH |
|
Billings Mustangs batting - Pitching for Danville Braves : RHP Justin Collins
|
|
Batting: RHB Sang-ton Pak
|
0-0: Ball 1-0: Foul Ball, location: 2F 1-1: Foul Ball, location: 2F 1-2: Ball 2-2: Foul Ball, location: 2F 2-2: Ball 3-2: Strikes out swinging
|
|
Batting: RHB Yutaka Sato
|
0-0: SINGLE (Line Drive, 34, EV 99.4 MPH)
|
|
Batting: SHB Gustavo Froio
|
0-0: Ball 1-0: Fly out, F4 (Flyball, 4D, EV 94.4 MPH)
|
|
Batting: RHB Jake Savell
|
0-0: Hit by Pitch Yutaka Sato to second
|
|
Batting: LHB Matt Kennedy
|
0-0: Ball 1-0: Foul Ball, location: 2F 1-1: Foul Ball, location: 2F 1-2: Foul Ball, location: 2F 1-2: Ball 2-2: Hit by Pitch Yutaka Sato to third Jake Savell to second
|
|
Batting: LHB Brian Dickeson
|
0-0: Called Strike 0-1: Called Strike 0-2: Ball 1-2: Ball 2-2: SINGLE (Groundball, 34D, EV 100.6 MPH) Yutaka Sato scores Jake Savell to third Matt Kennedy to second Runner from 3rd tries for Home, SAFE, throw by RF to home
|
|
Batting: SHB David Garnica
|
0-0: Ball 1-0: Foul Ball, location: 2F 1-1: Foul Ball, location: 2F 1-2: Ball 2-2: Strikes out looking
|
| Top of the 5th over - 2 runs, 2 hits, 0 errors, 2 left on base; Billings 2 - Danville 3 |
| BOTTOM OF THE 5TH |
|
Danville Braves batting - Pitching for Billings Mustangs : RHP Joe Green
|
|
Batting: LHB Tamaichi Sasada
|
0-0: SINGLE (Flyball, 7LS, EV 86.2 MPH)
|
|
Batting: RHB Tim Molchan
|
0-0: Ball 1-0: Foul Ball, location: 2F 1-1: Grounds into double play, 5-4-3 (Groundball, 56, EV 85.0 MPH)
|
|
Batting: RHB Dave Pizarro
|
0-0: Ground out 4-3 (Groundball, 4, EV 80.0 MPH)
|
| Bottom of the 5th over - 0 runs, 1 hit, 0 errors, 0 left on base; Billings 2 - Danville 3 |
| TOP OF THE 6TH |
|
Billings Mustangs batting - Pitching for Danville Braves : RHP Justin Collins
|
|
Batting: LHB Jeremy Robertson
|
0-0: Ball 1-0: Ball 2-0: Swinging Strike 2-1: Ball 3-1: Foul Ball, location: 2F 3-2: Foul Ball, location: 2F 3-2: Strikes out looking
|
|
Pitching: RHP Jeremy Armstrong
|
|
|
Batting: RHB Andy Bachman
|
0-0: Called Strike 0-1: Foul Ball, location: 2F 0-2: Strikes out looking
|
|
Batting: RHB Sang-ton Pak
|
0-0: Called Strike 0-1: Foul Ball, location: 2F 0-2: Foul Ball, location: 2F 0-2: Ball 1-2: Ball 2-2: Ground out 6-3 (Groundball, 6, EV 99.4 MPH)
|
| Top of the 6th over - 0 runs, 0 hits, 0 errors, 0 left on base; Billings 2 - Danville 3 |
| BOTTOM OF THE 6TH |
|
Danville Braves batting - Pitching for Billings Mustangs : RHP Joe Green
|
|
Batting: RHB Chris Trites
|
0-0: Ball 1-0: Ball 2-0: Fly out, F8 (Flyball, 8RD, EV 100.6 MPH)
|
|
Batting: RHB Curtis Montgomery
|
0-0: Called Strike 0-1: Ball 1-1: Fly out, F7 (Flyball, 7D, EV 80.0 MPH)
|
|
Batting: RHB Vicente Guillen
|
0-0: Foul Ball, location: 2F 0-1: Fly out, F3 (Popup, 23F, EV 91.9 MPH)
|
| Bottom of the 6th over - 0 runs, 0 hits, 0 errors, 0 left on base; Billings 2 - Danville 3 |
| TOP OF THE 7TH |
|
Billings Mustangs batting - Pitching for Danville Braves : RHP Jeremy Armstrong
|
|
Batting: RHB Yutaka Sato
|
0-0: Called Strike 0-1: Ball 1-1: Foul Ball, location: 2F 1-2: Foul Ball, location: 2F 1-2: Ball 2-2: Ball 3-2: Foul Ball, location: 2F 3-2: Ground out 6-3 (Groundball, P, EV 94.4 MPH)
|
|
Batting: SHB Gustavo Froio
|
0-0: Ball 1-0: Ball 2-0: Foul Ball, location: 2F 2-1: Ball 3-1: SINGLE (Groundball, 6D, EV 94.4 MPH)
|
|
Batting: RHB Jake Savell
|
0-0: Ball Gustavo Froio is caught stealing 2nd base 2-4 1-0: Called Strike 1-1: Ball 2-1: TRIPLE (Flyball, 89XD, EV 107.5 MPH)
|
|
Batting: LHB Matt Kennedy
|
0-0: Foul Ball, location: 2F 0-1: Called Strike 0-2: Foul Ball, location: 2F 0-2: Ball 1-2: Strikes out looking
|
| Top of the 7th over - 0 runs, 2 hits, 0 errors, 1 left on base; Billings 2 - Danville 3 |
| BOTTOM OF THE 7TH |
|
Danville Braves batting - Pitching for Billings Mustangs : RHP Joe Green
|
|
Batting: RHB Gebre-Giorgios Wangondu
|
0-0: Foul Ball, location: 2F 0-1: Ball 1-1: Fly out, F9 (Flyball, 9D, EV 97.5 MPH)
|
|
Batting: RHB Josh Hopp
|
0-0: Called Strike 0-1: Ball 1-1: SINGLE (Groundball, 56D, EV 105.0 MPH)
|
|
Batting: RHB Rafael Reyes
|
0-0: Called Strike Josh Hopp is caught stealing 2nd base 2-4 0-1: Swinging Strike 0-2: DOUBLE (Flyball, 78XD, EV 115.0 MPH)
|
|
Batting: LHB Tamaichi Sasada
|
0-0: Ball 1-0: Ball 2-0: Ball 3-0: Ground out U3 (Groundball, 3S, EV 61.2 MPH)
|
| Bottom of the 7th over - 0 runs, 2 hits, 0 errors, 1 left on base; Billings 2 - Danville 3 |
| TOP OF THE 8TH |
|
Billings Mustangs batting - Pitching for Danville Braves : RHP Jeremy Armstrong
|
|
Pitching: LHP Tyler Portier
|
|
|
Batting: LHB Brian Dickeson
|
0-0: Called Strike 0-1: Fly out, F9 (Flyball, 9LM, EV 103.1 MPH)
|
|
Batting: SHB David Garnica
|
0-0: Called Strike 0-1: Foul Ball, location: 2F 0-2: Ball 1-2: Foul Ball, location: 2F 1-2: Ball 2-2: SINGLE (Line Drive, 89S, EV 106.9 MPH)
|
|
Pinch Hitting: RHB Chris Christaldi
|
0-0: Ball 1-0: Grounds into double play, 6-4-3 (Groundball, 6, EV 83.8 MPH)
|
| Top of the 8th over - 0 runs, 1 hit, 0 errors, 0 left on base; Billings 2 - Danville 3 |
| BOTTOM OF THE 8TH |
|
Danville Braves batting - Pitching for Billings Mustangs : RHP Joe Green
|
|
Now at 2B: Mario Gomez
|
|
|
Batting: RHB Tim Molchan
|
0-0: Called Strike 0-1: Swinging Strike 0-2: Foul Ball, location: 2F 0-2: Ball 1-2: Foul Ball, location: 2F 1-2: DOUBLE (Line Drive, 5D, EV 95.0 MPH)
|
|
Batting: RHB Dave Pizarro
|
0-0: Fly out, F8 (Flyball, 8RD, EV 82.5 MPH)
|
|
Batting: RHB Chris Trites
|
0-0: Intentional Walk
|
|
Batting: RHB Curtis Montgomery
|
0-0: Called Strike 0-1: Ball 1-1: Foul Ball, location: 2F 1-2: SINGLE (Flyball, 78S, EV 91.9 MPH) Tim Molchan to third Chris Trites to second
|
|
Batting: RHB Vicente Guillen
|
0-0: Foul Ball, location: 2F 0-1: Ball 1-1: Foul Ball, location: 2F 1-2: SINGLE (Groundball, 56, EV 97.5 MPH) Tim Molchan scores Chris Trites to third Curtis Montgomery to second Runner from 3rd tries for Home, SAFE, throw by LF to home
|
|
Batting: RHB Gebre-Giorgios Wangondu
|
0-0: Called Strike 0-1: Foul Ball, location: 2F 0-2: Ball 1-2: Strikes out swinging
|
|
Batting: RHB Josh Hopp
|
0-0: Ball 1-0: Foul Ball, location: 2F 1-1: Called Strike 1-2: Ground out 4-3 (Groundball, 4, EV 88.1 MPH)
|
| Bottom of the 8th over - 2 runs, 3 hits, 0 errors, 2 left on base; Billings 2 - Danville 5 |
| TOP OF THE 9TH |
|
Billings Mustangs batting - Pitching for Danville Braves : LHP Tyler Portier
|
|
Pitching: RHP Jimmy Loudner
|
|
|
Batting: RHB Andy Bachman
|
0-0: Called Strike 0-1: Ball 1-1: SINGLE (Groundball, 34D, EV 105.6 MPH)
|
|
Batting: RHB Sang-ton Pak
|
0-0: Foul Ball, location: 2F 0-1: Ball 1-1: Ball Wild Pitch! Andy Bachman to second 2-1: Ball 3-1: Base on Balls
|
|
Batting: RHB Yutaka Sato
|
0-0: Ball 1-0: Swinging Strike 1-1: Ball 2-1: DOUBLE (Line Drive, 89M, EV 101.2 MPH) Andy Bachman scores Sang-ton Pak to third
|
|
Batting: SHB Gustavo Froio
|
0-0: Ball 1-0: Called Strike 1-1: Foul Ball, location: 2F 1-2: Ball 2-2: Foul Ball, location: 2F 2-2: Foul Ball, location: 2F 2-2: Ball 3-2: Strikes out swinging
|
|
Batting: RHB Jake Savell
|
0-0: Ball 1-0: Ball 2-0: Fly out, F8 (Flyball, 8RD, EV 100.6 MPH)
|
|
Batting: LHB Matt Kennedy
|
0-0: Ball 1-0: Called Strike 1-1: Ball 2-1: Swinging Strike 2-2: Strikes out swinging
|
| Top of the 9th over - 1 run, 2 hits, 0 errors, 2 left on base; Billings 3 - Danville 5 |
|